 Dungeon Sprint DCSS version 0.26-a0-660-gc07710193c (webtiles) character file.

Game seed: 11608044824046649600

751 sahdkjhfkaj the Transmogrifier (level 7, -2/47 HPs)
             Began as an Octopode Transmuter on Oct 7, 2020.
             Was an Initiate of Gozag.
             Killed from afar by a tengu conjurer (25 damage)
             ... with a bolt of magma
             ... in the Dungeon (Sprint IX: "|||||||||||||||||||||||||||||").
             The game lasted 00:01:37 (406 turns).

sahdkjhfkaj the Transmogrifier (Octopode Transmuter) Turns: 406, Time: 00:01:38

Health: -2/47      AC:  1    Str: 11    XL:     7   Next: 78%
Magic:  3/13       EV: 16    Int: 15    God:    Gozag
Gold:   351        SH:  0    Dex: 19    Spells: 6/14 levels left

rFire    . . .     SeeInvis .     - Unarmed
rCold    . . .     Faith    .   (shield currently unavailable)
rNeg     . . .     Spirit   .   (helmet restricted)
rPois    .         Reflect  .   (no amulet)
rElec    .         Harm     .   j - +3 ring of dexterity
rCorr    .         Rampage  .   k - +3 ring of dexterity
MR       .....     NoTele   +   (no ring)
Stlth    +++.......             (no ring)
HPRegen  0.15/turn              (no ring)
MPRegen  0.13/turn              (no ring)
                                (no ring)
                                (no ring)

@: blade tentacles, wereblooded, gold aura
A: almost no armour, stealthy swim, amphibious, 8 rings, constrict 8, camouflage
1, gelatinous body 1
a: End Transformation, Potion Petition, Call Merchant, Bribe Branch, Renounce
Religion


You were in the Dungeon.
You worshipped Gozag.
Gozag was aware of your devotion.
You had blades for tentacles.
You visited 1 branch You collected 351 gold pieces.

Inventory:

Jewellery
 j - a +3 ring of dexterity (left scythe-like blade)
 k - a +3 ring of dexterity (right scythe-like blade)
Wands
 i - a wand of acid (10)
Scrolls
 f - 3 scrolls of remove curse
 g - 2 scrolls of blinking
 h - 2 scrolls of amnesia
Potions
 a - a potion of invisibility
 b - 2 potions of heal wounds
 c - 4 potions of curing
 d - a potion of haste
 e - 4 potions of magic


   Skills:
 + Level 3.8 Fighting
 + Level 4.2 Dodging
 + Level 9.2 Unarmed Combat
 + Level 4.4 Spellcasting
 - Level 12.2 Transmutations


You had 6 spell levels left.
You knew the following spells:

 Your Spells              Type           Power        Failure   Level
a - Beastly Appendage     Tmut           #####.       8%          1
A - Blade Hands           Tmut           #####.....   26%         5
W - Wereblood             Tmut           #####...     9%          2

Your spell library contained the following spells:

 Spells                   Type           Power        Failure   Level
 Spider Form              Tmut/Pois      ###.......   30%         3
 Ice Form                 Ice/Tmut       ###.....     54%         4


Dungeon Overview and Level Annotations

Branches:
Dungeon (1/1)

Altars:
Cheibriados
Dithmenos
Elyvilon
Fedhas
Gozag
Hepliaklqana
Kikubaaqudgha
Makhleb
Nemelex Xobeh
Okawaru
Qazlal
Ru
Sif Muna
Trog
Uskayaw
Vehumet
Wu Jian
Xom
Yredelemnul
Zin
The Shining One
Beogh
Jiyva
Lugonu


Innate Abilities, Weirdness & Mutations

You cannot wear most types of armour.
You are very stealthy in the water. (Stealth+)
You are amphibious.
You can wear up to eight rings at the same time.
You can use your tentacles to constrict eight enemies at once.
Your skin changes colour to match your surroundings (Stealth+).
Your rubbery body absorbs attacks. (AC +1, EV +1)


Message History

The eye of draining turns its gaze towards you.
You hit the battlesphere. You squeeze the battlesphere!
The battlesphere is almost destroyed.
The tengu conjurer points at you and mumbles some strange words.
The puff of flame hits you!
You completely miss the battlesphere. You slash the battlesphere.
You destroy the battlesphere!
You howl as the wereblood boils in your veins!
The eye of draining is no longer distracted by gold.
The eye of draining becomes distracted by the nearby gold, dreaming of imaginary riches.
You closely miss the tengu conjurer.
The eye of draining turns its gaze towards you.
You grab the tengu conjurer.
You squeeze the tengu conjurer, but do no damage.
You constrict the tengu conjurer.
The tengu conjurer points at you and mumbles some strange words.
The bolt of magma hits you!!
Ouch! That really hurt!
You die...
Your body crumbles into a pile of gold. $$$ $ $ $ $$$$$ $ ▓▓▓▓▓▓▓▓▓▓▓▓▓▓▓▓▓▓▓▓▓▓▓ .).[[[..'......'@Q.Gh.+ ▓▓▓▓▓▓▓▓▓▓▓▓▓▓▓▓▓▓▓▓▓▓▓

You could see an eye of draining, a tengu conjurer and a hound.

Vanquished Creatures
  A tengu conjurer (D)
  A yak (D)
  A sky beast (D)
  An ice beast (D)
  A centaur (D)
  2 hounds (D)
  A jelly (D)
  A worker ant (D)
  A shadow imp (D)
  2 adder skeletons (D)
  A leopard gecko (D)
  A giant cockroach (D)
  A goblin (D)
  A hobgoblin (D)
  A ball python (D)
  A bat (D)
  A leopard gecko skeleton (D)
19 creatures vanquished.

Notes
Turn   | Place    | Note
-------+----------+-------------------------------------------
     0 | D        | sahdkjhfkaj the Octopode Transmuter began the quest for the
                  | Orb.
     0 | D        | Reached XP level 1. HP: 13/13 MP: 3/3
    18 | D        | Noticed a hound
    18 | D        | Noticed a sky beast
    18 | D        | Noticed a centaur
    18 | D        | Noticed an ice beast
    29 | D        | Killed a hound
    29 | D        | Reached XP level 2. HP: 8/18 MP: 1/5
    29 | D        | Reached XP level 3. HP: 10/23 MP: 1/6
    42 | D        | Killed a sky beast
    42 | D        | Reached skill level 6 in Transmutations
    42 | D        | Reached XP level 4. HP: 25/28 MP: 2/7
    42 | D        | Reached XP level 5. HP: 29/33 MP: 2/8
    46 | D        | Killed a centaur
    46 | D        | Reached skill level 8 in Transmutations
    51 | D        | Killed an ice beast
    51 | D        | Reached skill level 10 in Transmutations
    51 | D        | Reached XP level 6. HP: 34/38 MP: 3/9
   100 | D        | Learned a level 5 spell: Blade Hands
   103 | D        | Learned a level 2 spell: Wereblood
   175 | D        | Found a roughly hewn altar of Beogh.
   175 | D        | Found a snail-covered altar of Cheibriados.
   175 | D        | Found a shadowy altar of Dithmenos.
   175 | D        | Found a white marble altar of Elyvilon.
   175 | D        | Found a blossoming altar of Fedhas.
   175 | D        | Found an opulent altar of Gozag.
   176 | D        | Found a hazy altar of Hepliaklqana.
   177 | D        | Found a viscous altar of Jiyva.
   178 | D        | Found an ancient bone altar of Kikubaaqudgha.
   179 | D        | Found a corrupted altar of Lugonu.
   180 | D        | Found a burning altar of Makhleb.
   181 | D        | Found a sparkling altar of Nemelex Xobeh.
   182 | D        | Found an iron altar of Okawaru.
   183 | D        | Became a worshipper of Gozag Ym Sagoz the Greedy
   184 | D        | Found a stormy altar of Qazlal.
   185 | D        | Found a sacrificial altar of Ru.
   186 | D        | Found a shimmering blue altar of Sif Muna.
   187 | D        | Found a bloodstained altar of Trog.
   188 | D        | Found a hide-covered altar of Uskayaw.
   189 | D        | Found a radiant altar of Vehumet.
   190 | D        | Found an ornate altar of the Wu Jian Council.
   191 | D        | Found a shimmering altar of Xom.
   192 | D        | Found a basalt altar of Yredelemnul.
   193 | D        | Found a glowing silver altar of Zin.
   194 | D        | Found a glowing golden altar of the Shining One.
   235 | D        | Reached skill level 11 in Transmutations
   392 | D        | Noticed a tengu conjurer
   392 | D        | Noticed a yak
   392 | D        | Noticed a tengu conjurer
   392 | D        | Noticed an eye of draining
   398 | D        | Killed a tengu conjurer
   398 | D        | Reached skill level 12 in Transmutations
   398 | D        | Reached XP level 7. HP: 42/45 MP: 2/11
   400 | D        | Killed a yak
   406 | D        | Killed from afar by a tengu conjurer

Illustrated notes

Levels and vault maps discovered:
D:        linesprint [early_d, line_temple, items_1, d_10, items_2, lair_1,
          lair_end, items_3, orc_1, orc_end, items_4, d_15, swamp_1, shoals_1,
          snake_1, spider_1, d_20, vaults_1, items_5, swamp_end, shoals_end,
          snake_end, spider_end, vaults_end, d_27, items_6, zot_1, zot_end,
          crypt_end, forest_end, elf_end, slime_end, tomb_end, abyss_end,
          pan_hell_end]

Skill      XL: |  1  2  3  4  5  6  7 |
---------------+----------------------+-----
Unarmed Combat | 7 8 9 |  9.2
Transmutations | 6 10 12 | 12.2
Fighting       | 2 3 |  3.8
Dodging        | 3 4 |  4.2
Spellcasting   | 3 4 |  4.4

Action                   |  1- 3 |  4- 6 |  7- 9 || total
-------------------------+-------+-------+-------++-------
Melee: Unarmed           |    17 |    17 |     7 ||    41
       Constrict         |     6 |     2 |     2 ||    10
       Kick              |     6 |     1 |       ||     7
       Tentacles         |     4 |     2 |     2 ||     8
       Punch             |       |     2 |     1 ||     3
 Cast: Beastly Appendage |     2 |       |       ||     2
       Blade Hands       |       |     2 |       ||     2
       Wereblood         |       |     2 |       ||     2
  Use: Potion            |     3 |       |       ||     3
 Stab: Sleeping          |       |     1 |       ||     1
Armor: Skin              |     1 |     1 |       ||     2
Dodge: Dodged            |    14 |     9 |     1 ||    24

Table legend: (Time is in decaauts)
 A = Elapsed time spent in this place.
 B = Non-inter-level travel time spent in this place.
 C = Inter-level travel time spent in this place.
 D = Time resting spent in this place.
 E = Time spent auto-exploring this place.
 F = Levels seen in this place.
 G = Mean time per level.
                   A        B        C        D        E       F      G
               +--------+--------+--------+--------+--------+-----+--------+
         Total |    408 |    408 |      0 |     52 |    233 |   1 |  408.0 |
       Dungeon |    408 |    408 |      0 |     52 |    233 |   1 |  408.0 |
               +--------+--------+--------+--------+--------+-----+--------+

Top non-repeatable levels by time:
       D: 408 daAuts
